 Dungeon Crawl Stone Soup version 0.28-a0-1505-g8c907de6ad (webtiles) character file.

Game seed: 8988299990454669526

9488 kae the Martial Artist (level 11, -3/99 HPs)
             Began as a Demonspawn Transmuter on Jan 13, 2022.
             Was an Elder of Ru.
             Slain by a six-headed hydra (12 damage)
             ... on level 10 of the Dungeon.
             The game lasted 00:09:59 (16948 turns).

kae the Martial Artist (Demonspawn Transmuter)     Turns: 16948, Time: 00:10:00

Health: -3/99      AC:  3    Str: 17    XL:     11   Next: 23%
Magic:  0/20       EV: 14    Int: 17    God:    Ru [****..]
Gold:   439        SH:  0    Dex: 15    Spells: 14/22 levels left

rFire   + . .      SeeInvis .     - Unarmed
rCold   . . .      Faith    .   (no shield)
rNeg    . . .      Spirit   +   a - +1 robe
rPois   +          Reflect  .   (no helmet)
rElec   .          Harm     .   (no cloak)
rCorr   .          Rampage  .   (no gloves)
Will    .....                   (no boots)
Stlth   +++.......              (no amulet)
HPRegen 0.26/turn               h - ring of the Will of the Gods {rPois rF+ Str+4 Stlth+}
MPRegen 0.34/turn               (no ring)

@: mighty
A: claws 2, thin skeletal structure 1, robust 2, magic shield, magic
regeneration, inability to use devices, hated by all, demonic magic 2
a: Renounce Religion, Draw Out Power, Power Leap


You were on level 10 of the Dungeon.
You worshipped Ru.
Ru was greatly pleased with you.
You visited 2 branches of the dungeon, and saw 11 of its levels.

You collected 535 gold pieces.
You spent 96 gold pieces at shops.

Inventory:

Armour
 a - a +1 robe (worn)
Jewellery
 h - the ring of the Will of the Gods (left claw) {rPois rF+ Str+4 Stlth+}
   (You found it on level 3 of the Dungeon)

   [ring of poison resistance]

   Str:       It affects your strength (+4).
   rF:        It protects you from fire.
   rPois:     It protects you from poison.
   Stlth:     It makes you more stealthy.
 n - a ring of resist corrosion
 q - a ring of flight
Wands
 c - a wand of iceblast (28)
 j - a wand of paralysis (9)
 l - a wand of mindburst (22)
Scrolls
 m - 2 scrolls of identify
 o - 2 scrolls of noise
Potions
 b - 3 potions of lignification
 d - 2 potions of brilliance
 e - a potion of ambrosia
 f - 3 potions of curing
 i - a potion of degeneration
 k - 2 potions of might
 p - 2 potions of attraction
 r - 2 potions of flight


   Skills:
 + Level 6.4 Fighting
 + Level 5.9 Dodging
 * Level 8.7 Unarmed Combat
 + Level 6.2 Spellcasting
 * Level 8.4 Transmutations
 - Level 5.0 Ice Magic
 - Level 1.0 Poison Magic


You had 14 spell levels left.
You knew the following spells:

 Your Spells              Type           Power      Damage    Failure   Level
a - Beastly Appendage     Tmut           66%        N/A       1%          1
b - Spider Form           Tmut/Pois      21%        N/A       5%          3
c - Ice Form              Ice/Tmut       28%        N/A       8%          4

Your spell library contained the following spells:

 Spells                   Type           Power      Damage    Failure   Level
 Wereblood                Tmut           33%        N/A       1%          2
 Foxfire                  Conj/Fire      20%        2x1d5     13%         1
 Slow                     Hex            20%        N/A       13%         1
 Confusing Touch          Hex            5%         N/A       36%         3
 Gell's Gravitas          Tloc           5%         N/A       36%         3
 Lesser Beckoning         Tloc           5%         N/A       36%         3
 Teleport Other           Tloc           5%         N/A       36%         3
 Vampiric Draining        Necr           5%         2d6       36%         3


Dungeon Overview and Level Annotations

Branches:
Dungeon (10/15)            Temple (1/1) D:4            Lair (0/6) D:8
    Orc: D:9-12

Altars:
Ashenzari
Cheibriados
Dithmenos
Elyvilon
Fedhas
Gozag
Hepliaklqana
Makhleb
Nemelex Xobeh
Okawaru
Qazlal
Ru
Uskayaw
Wu Jian
Xom
Zin
The Shining One

Shops:
D:3 !   D:5 *   D:7 (

Annotations:
D:5 1 runed translucent door, Crazy Yiuf
D:6 1 runed translucent door, MagicUser's ghost, novice HuFi
D:9 Erica


Innate Abilities, Weirdness & Mutations

You have very sharp fingernails.
You have a somewhat thin skeletal structure. (Dex +2, Stealth+)
You are very robust. (+20% HP)
When hurt, damage is shared between your health and your magic reserves.
You regenerate magic rapidly.
You cannot study or use magical devices.
You are hated by all.
Spells you cast may paralyse nearby enemies.


Message History

The tengu warrior is heavily wounded.
The tengu warrior hits you with a +0 dire flail!
The tengu warrior pecks you but does no damage.
The tengu warrior claws you.
You hit the tengu warrior. You freeze the tengu warrior.
The tengu warrior is heavily wounded.
The four-headed hydra is engulfed in blazing flames.
The tengu warrior hits you with a +0 dire flail!
The tengu warrior pecks you but does no damage.
The tengu warrior claws you but does no damage.
Okay, then.
Okay, then.
Your transformation is almost over.
The raiju begins to attack, but is stunned by your conviction!
A centaur warrior comes into view. It is wielding a staff of death.
The centaur warrior moves out of view.
A cyclops comes into view.
The tengu warrior hits you with a +0 dire flail!
* * * LOW HITPOINT WARNING * * *
The tengu warrior pecks you but does no damage.
The tengu warrior claws you but does no damage.
Okay, then.
You feel much better.
The efreet begins to attack, but is stunned by your conviction!
The raiju bites you. The raiju shocks you!
Okay, then.
You feel very mighty all of a sudden.
You warm up again.
Your +1 robe unmelds from your body.
The efreet begins to attack, but is stunned by your conviction!
You claw the six-headed hydra!
The six-headed hydra is severely wounded.
The wraith hits you.
* * * LOW HITPOINT WARNING * * *
The efreet begins to attack, but is stunned by your conviction!
The six-headed hydra bites you!
* * * LOW HITPOINT WARNING * * *
The six-headed hydra barely misses you. The six-headed hydra bites you!
* * * LOW HITPOINT WARNING * * *
The six-headed hydra bites you!
You die...

#....#############...####..
###..................###
#.. ...................###
#.# ................### #.#
........###...##### #.#
#....#...###.... #..
#......###....### #..
##....###.....# (# #..
##...###.#@#.#.#.. #..
#..####.#D#W#..#. #..
#.......h........ #..
#..#..#.#.#R#..#. #.#
##.#...#.#.#.#.# ..
#.##...##.○...## .##
#.###..D###....# #.#
##...†)...##
##.###...######...#


You could see a six-headed hydra, an efreet, a raiju and a wraith.

Vanquished Creatures
  3 death yaks
  A gargoyle (D:10)
  A troll (D:10)
  A hornet (D:10)
  20 yaks
  2 steam dragons
  Menkaure (D:7)
  An acid dragon (D:8)
  A water moccasin (D:7)
  A black bear (D:5)
  2 orc warriors (D:8)
  2 sky beasts
  4 centaurs
  2 phantoms
  3 kobold brigands
  A gnoll sergeant (D:9)
  A bullfrog (D:9)
  3 scorpions
  A water moccasin zombie (D:5)
  A water moccasin skeleton (D:6)
  5 killer bees (D:9)
  4 wights (D:10)
  5 howler monkeys
  A bullfrog zombie (D:5)
  2 centaur skeletons
  3 hounds
  A jelly (D:6)
  2 bullfrog skeletons
  5 centaur zombies
  3 orc priests
  Ijyb (D:3)
  5 orc wizards
  Natasha (thrice) (D:3)
  3 iguanas
  A hound skeleton (D:5)
  Robin (D:3)
  8 gnolls
  6 adders
  2 worms (D:4)
  2 dart slugs
  18 orcs
  5 ball pythons
  7 bats
  6 endoplasms
  3 giant cockroaches
  12 goblins
  8 hobgoblins
  3 jackals (D:4)
  4 quokkas
  4 frilled lizards
  21 kobolds
  6 rats
212 creatures vanquished.

Vanquished Creatures (others)
  A howler monkey simulacrum (D:10)
  An orc (D:6)
  A hobgoblin (D:3)
  15 fungi
  2 plants (D:3)
20 creatures vanquished.

Grand Total: 232 creatures vanquished

Notes
Turn   | Place    | Note
-------+----------+-------------------------------------------
     0 | D:1      | kae the Demonspawn Transmuter began the quest for the Orb.
     0 | D:1      | Reached XP level 1. HP: 15/15 MP: 3/3
   337 | D:1      | Gained mutation: You regenerate magic rapidly. [demonic
                  | ancestry]
   337 | D:1      | Reached XP level 2. HP: 10/21 MP: 3/5
  1207 | D:1      | Gained mutation: You have sharp fingernails. [demonic
                  | ancestry]
  1207 | D:1      | Reached XP level 3. HP: 25/26 MP: 4/6
  1211 | D:1      | Learned a level 3 spell: Spider Form
  2455 | D:2      | Gained mutation: You have very sharp fingernails. [demonic
                  | ancestry]
  2455 | D:2      | Reached XP level 4. HP: 32/32 MP: 5/7
  2993 | D:3      | Found a faded altar of an unknown god.
  3222 | D:3      | Noticed Natasha
  3229 | D:3      | Killed Natasha
  3232 | D:3      | Identified the ring of the Will of the Gods {rPois rF+
                  | Str+4 Stlth+}
  3264 | D:3      | Noticed a scorpion
  3273 | D:3      | Killed a scorpion
  3274 | D:3      | Reached skill level 1 in Poison Magic
  3274 | D:3      | Gained mutation: When hurt, damage is shared between your
                  | health and your magic reserves. [demonic ancestry]
  3274 | D:3      | Reached XP level 5. HP: 27/38 MP: 8/8
  3337 | D:3      | Noticed Natasha
  3347 | D:3      | Killed Natasha
  3395 | D:3      | Got Plato's Handbook of Heat
  3430 | D:3      | Noticed Robin
  3808 | D:3      | Paralysed by a kobold for 5 turns
  3880 | D:3      | Noticed Ijyb
  3902 | D:3      | Found Jeivuaz's Distillery.
  3913 | D:3      | Bought a potion of curing for 36 gold pieces
  3913 | D:3      | Bought a potion of might for 48 gold pieces
  3913 | D:3      | Bought a potion of degeneration for 12 gold pieces
  3974 | D:3      | Killed Robin
  4919 | D:4      | Noticed a phantom
  4949 | D:4      | Gained mutation: Spells you cast may paralyse adjacent
                  | enemies. [demonic ancestry]
  4949 | D:4      | Reached XP level 6. HP: 46/46 MP: 6/10
  5099 | D:4      | Found a staircase to the Ecumenical Temple.
  5126 | Temple   | Entered the Ecumenical Temple
  5461 | Temple   | Became a worshipper of Ru the Awakened
  6074 | D:3      | Noticed Natasha
  6084 | D:3      | Killed Natasha
  6201 | D:3      | Found a faded altar of an unknown god.
  6594 | D:3      | Killed Ijyb
  6694 | D:3      | Found Jeivuaz's Distillery.
  7186 | D:3      | Found a faded altar of an unknown god.
  7384 | D:3      | Found Jeivuaz's Distillery.
  7673 | D:4      | Learned a level 4 spell: Ice Form
  7783 | D:4      | Gained mutation: You are robust. (+10% HP) [demonic
                  | ancestry]
  7783 | D:4      | Reached XP level 7. HP: 45/56 MP: 6/11
  7974 | D:5      | Entered Level 5 of the Dungeon
  8021 | D:5      | Found a stormy altar of Qazlal.
  8219 | D:5      | Found a runed translucent door.
  8220 | D:5      | Noticed Crazy Yiuf
  8520 | D:5      | Found Asape's Lightly-Used Armoury.
  8987 | D:5      | Reached skill level 5 in Unarmed Combat
  8987 | D:5      | Reached skill level 1 in Ice Magic
  9588 | D:6      | Reached XP level 8. HP: 63/63 MP: 10/13
  9614 | D:6      | Gained mutation: You are hated by all. [Ru sacrifice]
  9614 | D:6      | Reached * piety under Ru
  9614 | D:6      | Reached ** piety under Ru
 10161 | D:6      | Found a runed translucent door.
 10166 | D:6      | Noticed MagicUser's ghost (novice HuFi)
 10211 | D:6      | Reached skill level 5 in Transmutations
 11340 | D:7      | Found Cohaif's Antique Weapon Boutique.
 11637 | D:7      | Noticed Menkaure
 12021 | D:7      | Killed Menkaure
 12022 | D:7      | Gained mutation: You have a somewhat thin skeletal
                  | structure. (Dex +2, Stealth+) [demonic ancestry]
 12022 | D:7      | Reached XP level 9. HP: 71/71 MP: 11/15
 12041 | D:7      | Found a broken altar of Ashenzari.
 12231 | D:7      | You fall into a shaft and drop 1 floor!
 12231 | D:8      | Found an ornate altar of the Wu Jian Council.
 12685 | D:8      | Found a staircase to the Lair.
 12685 | D:8      | Noticed a death yak
 12685 | D:8      | Noticed a death yak
 12685 | D:8      | Noticed a death yak
 12732 | D:8      | Found a flagged portal.
 13374 | D:7      | Killed a death yak
 13375 | D:7      | Reached skill level 5 in Fighting
 13375 | D:7      | Reached skill level 5 in Spellcasting
 13375 | D:7      | Reached skill level 5 in Ice Magic
 13375 | D:7      | Gained mutation: You are very robust. (+20% HP) [demonic
                  | ancestry]
 13375 | D:7      | Reached XP level 10. HP: 28/88 MP: 6/17
 13724 | D:8      | Killed a death yak
 13732 | D:8      | Reached skill level 5 in Dodging
 13746 | D:8      | Killed a death yak
 15028 | D:9      | Found an opulent altar of Gozag.
 15873 | D:9      | Gained mutation: Spells you cast may paralyse nearby
                  | enemies. [demonic ancestry]
 15873 | D:9      | Reached XP level 11. HP: 97/97 MP: 19/19
 16237 | D:9      | Noticed Erica
 16402 | D:10     | Entered Level 10 of the Dungeon
 16893 | D:10     | Gained mutation: You cannot study or use magical devices.
                  | [Ru sacrifice]
 16893 | D:10     | Reached *** piety under Ru
 16893 | D:10     | Reached **** piety under Ru
 16922 | D:10     | Noticed a six-headed hydra
 16923 | D:10     | Noticed a tengu warrior
 16925 | D:10     | Noticed a four-headed hydra
 16940 | D:10     | Noticed a centaur warrior
 16948 | D:10     | Slain by a six-headed hydra

Illustrated notes

Levels and vault maps discovered:
D:1:      nzn_arrival_settlement, layout_basic, minmay_hexomino_p4
D:2:      layout_rooms, minmay_misc_feat_tower
D:3:      layout_loops_ring, serial_shops, shop,
          shapermc_ecumenical_altar_rom_forum, nicolae_underground_beach,
          uniq_natasha, uniq_ijyb, uniq_robin
D:4:      layout_rooms, lemuel_round_altar, nicolae_overflow_hidden_temple,
          minmay_temple_entry_junction
D:5:      layout_basic, mainiacjoe_overflow_surrounded_room,
          minmay_shop_damaged, uniq_crazy_yiuf_cottage
D:6:      layout_cave_pods, nicolae_hepliaklqana_hippocampus,
          ebering_ghost_reflecting_pool, eino_curves_01,
          nicolae_elevator_lobby_asterisk
D:7:      layout_loops_ring, kennysheep_mini_moat, serial_shops, shop,
          uniq_menkaure
D:8:      layout_loops_corners, mainiacjoe_overflow_alcove_4,
          dpeg_lair_monsters, enter_bailey_4, minmay_misc_feat_diagonals
D:9:      layout_stronghold, nicolae_gozag_seed_capital, uniq_erica, uniq_joseph
D:10:     minmay_the_grid_triangle_9x9_rhombus_thin_mashed
          [minmay_the_grid_triangle_9x9_dagger,
          minmay_the_grid_triangle_9x9_prize_center,
          minmay_the_grid_triangle_9x9_sprig,
          minmay_the_grid_triangle_9x9_zippers_vertical], layout_small_grid,
          palyth_temple_overflow_mages, kennysheep_orc_monster_closet_entryway,
          serial_shops, nicolae_shop_temple_entry_statues_fountains,
          special_room [special_room_orc], roderic_roman_lattice,
          kennysheep_minor_cross, uniq_maggie
Temple:   minmay_temple_curvy_loop

Skill      XL: |  1  2  3  4  5  6  7  8  9 10 11 |
---------------+----------------------------------+-----
Transmutations | 2 3 4 5 6 8 |  8.4
Dodging        | 2 3 4 5 |  5.9
Unarmed Combat | 3 4 5 6 7 8 |  8.7
Fighting       | 2 3 4 5 6 |  6.4
Poison Magic   | 1 |  1.0
Spellcasting   | 3 4 5 6 |  6.2
Ice Magic      | 1 3 5 |  5.0

Action                   |  1- 3 |  4- 6 |  7- 9 | 10-12 || total
-------------------------+-------+-------+-------+-------++-------
Melee: Unarmed           |    86 |   154 |   253 |   200 ||   693
       Kick              |    13 |    20 |     6 |       ||    39
       Headbutt          |     7 |    11 |     2 |       ||    20
       Punch             |     2 |     3 |     2 |       ||     7
 Cast: Beastly Appendage |    23 |    26 |     8 |       ||    57
       Spider Form       |       |    10 |     6 |       ||    16
       Ice Form          |       |     1 |    19 |    25 ||    45
Invok: Sacrifice Love    |       |       |     1 |       ||     1
       Sacrifice Artific |       |       |       |     1 ||     1
  Use: Scroll            |     1 |     8 |     6 |     2 ||    17
       Potion            |       |       |       |     2 ||     2
 Stab: Sleeping          |       |     2 |     4 |       ||     6
       Paralysed         |       |       |     8 |     2 ||    10
       Invisible         |       |       |     1 |       ||     1
       Distracted        |       |       |       |     2 ||     2
Armor: Robe              |    17 |    19 |     8 |       ||    44
       Skin              |       |     3 |    52 |    61 ||   116
Dodge: Dodged            |    52 |   122 |   148 |   116 ||   438

Table legend: (Time is in decaauts)
 A = Elapsed time spent in this place.
 B = Non-inter-level travel time spent in this place.
 C = Inter-level travel time spent in this place.
 D = Time resting spent in this place.
 E = Time spent auto-exploring this place.
 F = Levels seen in this place.
 G = Mean time per level.
                   A        B        C        D        E       F      G
               +--------+--------+--------+--------+--------+-----+--------+
         Total |  16891 |  16469 |    422 |   2096 |  12388 |  11 | 1535.5 |
       Dungeon |  16526 |  16166 |    360 |   2096 |  12091 |  10 | 1652.6 |
        Temple |    364 |    302 |     62 |      0 |    297 |   1 |  364.0 |
               +--------+--------+--------+--------+--------+-----+--------+

Top non-repeatable levels by time:
     D:3: 3105 daAuts
     D:8: 2075 daAuts
     D:1: 1950 daAuts
     D:5: 1682 daAuts
     D:6: 1658 daAuts
     D:7: 1552 daAuts
     D:9: 1424 daAuts
     D:2: 1275 daAuts
     D:4: 1264 daAuts
    D:10: 536 daAuts
  Temple: 364 daAuts
